 Dungeon Crawl Stone Soup version 0.18.1-8-gdd0e5ea (webtiles) character file.

128 deorigin the Changer (level 4, -2/35 HPs)
             Began as a Draconian Transmuter on June 6, 2016.
             Slain by an orc
             ... wielding a +0 flail
              (3 damage)
             ... on level 3 of the Dungeon.
             The game lasted 00:04:24 (2789 turns).

deorigin the Changer (Draconian Transmuter)         Turns: 2789, Time: 00:04:25

Health: -2/35      AC:  5    Str: 12    XL:     4   Next: 86%
Magic:  0/7        EV: 12    Int: 14    God:
Gold:   166        SH:  0    Dex: 12    Spells: 3 memorised, 1 level left

rFire  . . .     SeeInvis .       - Unarmed
rCold  . . .     Gourm    .     (armour unavailable)
rNeg   . . .     Faith    .     (no shield)
rPois  .         Spirit   .     (helmet restricted)
rElec  .         Dismiss  .     (no cloak)
rCorr  .         Reflect  .     (no gloves)
SustAt .         Harm     .     (boots currently unavailable)
MR     .....                    (no amulet)
Stlth  +.........               (no ring)
                                (no ring)

@: appendage, very slightly contaminated, not resistant to hostile enchantments,
very unstealthy
A: unfitting armour, talons 3, cold-blooded, AC +5
a: End Transformation


You were on level 3 of the Dungeon.
You were hungry.
You had grown temporary talons.
You visited 1 branch of the dungeon, and saw 4 of its levels.

You collected 166 gold pieces.

Inventory:

Hand Weapons
 q - a +1 falchion of holy wrath
Missiles
 a - 54 arrows
 f - 6 tomahawks (quivered)
 p - 8 poisoned needles
Scrolls
 g - a scroll of remove curse
 m - a scroll of blinking {unknown}
 n - 2 scrolls of identify {unknown}
 t - a scroll of noise {unknown}
Potions
 d - a potion of degeneration {unknown}
 e - 3 potions of heal wounds {unknown}
 h - 2 potions of curing {unknown}
 i - 2 potions of flight {unknown}
 j - a potion of ambrosia {unknown}
 l - 3 potions of berserk rage {unknown}
 o - a potion of mutation {unknown}
Books
 b - a book of Changes

   Spells                             Type                      Level
   a - Beastly Appendage              Transmutation                1
   b - Sticks to Snakes               Transmutation                2
   c - Spider Form                    Transmutation/Poison         3
   d - Ice Form                       Ice/Transmutation            4
   e - Blade Hands                    Transmutation                5
 r - a book of Party Tricks

   Spells                             Type                      Level
   a - Summon Butterflies             Summoning                    1
   b - Apportation                    Translocation                1
   c - Tukima's Dance                 Hexes                        3
   d - Alistair's Intoxication        Transmutation/Poison         5
   e - Invisibility                   Hexes                        6
Comestibles
 c - 2 bread rations
 k - 2 meat rations
 v - 4 fruits


   Skills:
 - Level 1.1 Fighting
 - Level 1.7 Dodging
 - Level 3.0 Unarmed Combat
 - Level 2.0 Spellcasting
 + Level 4.4 Transmutations
 - Level 2.2 Poison Magic


You had one spell level left.
You knew the following spells:

 Your Spells              Type           Power        Failure   Level  Hunger
a - Beastly Appendage     Trmt           ##....       4%          1    ##.....
b - Sticks to Snakes      Trmt           ##......     10%         2    ###....
c - Spider Form           Trmt/Pois      ##........   21%         3    ####...


Dungeon Overview and Level Annotations

Branches:
Dungeon (4/15)
 Temple: D:4-7

Altars:
Kikubaaqudgha
Qazlal
Ru


Innate Abilities, Weirdness & Mutations

Your plain brown scales are hard (AC +5).
Your body does not fit into most forms of armour.
You are cold-blooded and may be slowed by cold attacks.
You have claws for feet.


Message History

You are very lightly contaminated with residual magic.
You feel a strange surge of energy!
Unknown command.
The giant cockroach misses you.
Casting: Spider Form
Confirm with . or Enter, or press ? or * to list all spells.
Your feet morph into talons.
The giant cockroach barely misses you. The orc hits you with a flail.
* * * LOW HITPOINT WARNING * * *
You closely miss the giant cockroach. The giant cockroach barely misses you.
The orc misses you. The giant cockroach misses you.
You closely miss the giant cockroach. Your kick misses the giant cockroach.
The orc hits you with a flail!
* * * LOW HITPOINT WARNING * * *
The giant cockroach bites you but does no damage.
You barely miss the giant cockroach.
You tail-slap the giant cockroach, but do no damage.
The giant cockroach bites you but does no damage.
The orc hits you with a flail.
You die...

#.##...................#
#.##.##.###............#
##.#.#.## #)###.##...#.# ##...##
#.# #.###.##.# ##.######.###.#
#.##.# #.........##.# #)##.#
###.######..##.###.##..
#...######..##.......##
#(...s@o(............##
#(..######..##.#.....## ##...#
#..##.#.....#.
##########....######.....#.....##
........>......................##
.#########....####>....###..#..##
.# #......(..# #..........#....
.# #.######### #.....###.##.###
.# #.# #.....# #.......


You could see an orc and a giant cockroach.

Vanquished Creatures
  A giant frog skeleton (D:4)
  5 adders
  An ooze (D:2)
  A dart slug (D:1)
  2 giant geckos
  3 orcs (D:3)
  2 ball pythons (D:2)
  A giant cockroach (D:3)
  7 goblins
  6 hobgoblins
  A jackal (D:3)
  4 kobolds
  A quokka (D:2)
  4 bats
  A giant newt (D:2)
  5 rats
45 creatures vanquished.

Vanquished Creatures (others)
  A human (D:2)
1 creature vanquished.

Grand Total: 46 creatures vanquished

Notes
Turn   | Place    | Note
--------------------------------------------------------------
     0 | D:1      | deorigin the Draconian Transmuter began the quest for the Orb.
     0 | D:1      | Reached XP level 1. HP: 16/16 MP: 3/3
   301 | D:1      | Reached XP level 2. HP: 23/23 MP: 5/5
   383 | D:1      | Reached skill level 3 in Transmutations
   497 | D:2      | Found a sacrificial altar of Ru.
   502 | D:2      | Learned a level 2 spell: Sticks to Snakes
   706 | D:2      | Reached XP level 3. HP: 25/28 MP: 6/6
   711 | D:2      | Learned a level 3 spell: Spider Form
   763 | D:2      | Reached skill level 1 in Poison Magic
  1346 | D:2      | Found an ancient bone altar of Kikubaaqudgha.
  1347 | D:2      | Noticed a human
  1349 | D:2      | Killed a human
  1545 | D:3      | Found a stormy altar of Qazlal.
  1614 | D:3      | Reached XP level 4. HP: 29/35 MP: 3/7
  2241 | D:3      | Reached skill level 4 in Transmutations
  2514 | D:4      | Noticed a centaur
  2788 | D:3      | HP: 1/35 [orc/flail (7)]
  2789 | D:3      | Slain by an orc

Skill      XL: |  1  2  3  4 |
---------------+-------------+-----
Transmutations | 3 4 |  4.4
Poison Magic   | 2 |  2.2
Fighting       | |  1.1
Dodging        | |  1.7
Unarmed Combat | |  3.0
Spellcasting   | |  2.0

Action                   |  1- 3 |  4- 6 || total
-------------------------+-------+-------++-------
Melee: Unarmed           |   114 |    41 ||   155
       Tailslap          |    14 |     3 ||    17
       Falchion          |     4 |     4 ||     8
 Cast: Beastly Appendage |     2 |     2 ||     4
       Spider Form       |     2 |     4 ||     6
       Sticks to Snakes  |       |     1 ||     1
  Use: Scroll            |     1 |       ||     1
 Stab: Paralysed         |     1 |       ||     1
       Sleeping          |     1 |       ||     1
  Eat: Chunk             |     2 |     3 ||     5
       Beef jerky        |       |     1 ||     1
Armor: Skin              |    35 |     5 ||    40
Dodge: Dodged            |    59 |    51 ||   110
